 Dungeon Crawl Stone Soup version 0.19.0-22-gd96e5fe (webtiles) character file.

107 Monsterracer the Chopper (level 4, -2/40 HPs)
             Began as a Hill Orc Fighter on Nov 19, 2016.
             Was an Initiate of Okawaru.
             Slain by Monsterracer's ghost (9 damage)
             ... on level 3 of the Dungeon.
             The game lasted 00:03:09 (1499 turns).

Monsterracer the Chopper (Hill Orc Fighter)         Turns: 1499, Time: 00:03:09

Health: -2/40      AC:  6    Str: 23    XL:     4   Next: 86%
Magic:  4/4        EV:  7    Int:  8    God:    Okawaru [......]
Gold:   108        SH:  9    Dex: 11    Spells: 0 memorised, 3 levels left

rFire  . . .     SeeInvis .     a - +0 war axe
rCold  . . .     Gourm    .     b - +0 scale mail
rNeg   . . .     Faith    .     c - +0 shield
rPois  .         Spirit   .     (no helmet)
rElec  .         Reflect  .     (no cloak)
rCorr  .         Harm     .     (no gloves)
MR     .....                    (no boots)
Stlth  ..........               (no amulet)
                                (no ring)
                                (no ring)

@: mighty
A: no striking features
a: Renounce Religion


You were on level 3 of the Dungeon.
You worshipped Okawaru.
Okawaru was noncommittal.
You were very hungry.

You visited 1 branch of the dungeon, and saw 3 of its levels.

You collected 108 gold pieces.

Inventory:

Hand Weapons
 a - a +0 war axe (weapon)
Armour
 b - a +0 scale mail (worn)
 c - a +0 shield (worn)
 n - a +0 cloak
Scrolls
 e - a scroll of fear {unknown}
 g - a scroll of enchant armour {unknown}
 h - a scroll of teleportation {unknown}
 i - 2 scrolls of identify {unknown}
 j - a scroll of fog {unknown}
 k - 2 scrolls of remove curse {unknown}
 l - 2 scrolls of immolation {unknown}
 m - a scroll of magic mapping {unknown}
Comestibles
 f - 2 bread rations


   Skills:
 + Level 3.7 Fighting
 * Level 6.3 Axes
 + Level 3.4 Armour
 - Level 3.2 Shields
 + Level 0.0 Invocations


You had 3 spell levels left.
You didn't know any spells.

Dungeon Overview and Level Annotations

Branches:
Dungeon (3/15)

Altars:
Cheibriados
Okawaru
Sif Muna

Annotations:
D:3 Monsterracer's ghost, amateur HOFi


Message History

You feel very mighty all of a sudden.
Monsterracer's ghost hits you but does no damage.
You barely miss Monsterracer's ghost.
Monsterracer's ghost is lightly damaged.
Monsterracer's ghost hits you.
* * * LOW HITPOINT WARNING * * *
You slash Monsterracer's ghost!
Monsterracer's ghost is moderately damaged.
Monsterracer's ghost barely misses you.
You closely miss Monsterracer's ghost.
Monsterracer's ghost is moderately damaged.
You block Monsterracer's ghost's attack.
You hit Monsterracer's ghost.
Monsterracer's ghost is heavily damaged.
You block Monsterracer's ghost's attack.
You slash Monsterracer's ghost!
Monsterracer's ghost is severely damaged.
Monsterracer's ghost shrieks, "They lied to you.
The Dungeon just goes down and down forever."
Monsterracer's ghost hits you!
You die...

##. ##.#.## #..
#.###.# #.#
##.#.##
##.########..##
#...........##
#..#######..#
#..### #..#
#....## #..#
#.#..@# #..#
#..#W#.# #..#
#.##.##.##..#
... ... ......
#.#.##.## .##
...## #.# !#
### ... # #.#


You could see Monsterracer's ghost.

Vanquished Creatures
  Natasha (D:2)
  An adder (D:2)
  An ooze (D:2)
  4 worms
  A dart slug (D:1)
  A leopard gecko (D:1)
  6 giant cockroaches
  4 goblins
  9 hobgoblins
  4 jackals (D:1)
  A ball python (D:1)
  6 bats
  4 frilled lizards
  4 kobolds
  8 rats
55 creatures vanquished.

Notes
Turn   | Place    | Note
-------+----------+-------------------------------------------
     0 | D:1      | Monsterracer the Hill Orc Fighter began the quest for the Orb.
     0 | D:1      | Reached XP level 1. HP: 19/19 MP: 1/1
   111 | D:1      | Reached skill level 3 in Axes
   118 | D:1      | Reached XP level 2. HP: 26/26 MP: 2/2
   285 | D:1      | Reached skill level 4 in Axes
   346 | D:1      | Reached XP level 3. HP: 29/31 MP: 3/3
   774 | D:2      | Noticed Natasha
   779 | D:2      | Killed Natasha
   779 | D:2      | Reached skill level 5 in Axes
   779 | D:2      | Reached XP level 4. HP: 32/39 MP: 4/4
   966 | D:2      | Reached skill level 6 in Axes
  1191 | D:2      | Found an iron altar of Okawaru.
  1203 | D:2      | Became a worshipper of Warmaster Okawaru
  1210 | D:2      | Found a snail-covered altar of Cheibriados.
  1216 | D:2      | Found a deep blue altar of Sif Muna.
  1484 | D:3      | Noticed Monsterracer's ghost (amateur HOFi)
  1499 | D:3      | Slain by Monsterracer's ghost

Skill      XL: |  1  2  3  4 |
---------------+-------------+-----
Axes           | 3 4 5 6 |  6.3
Fighting       | |  3.7
Armour         | |  3.4
Shields        | |  3.2

Action                   |  1- 3 |  4- 6 || total
-------------------------+-------+-------++-------
Melee: War axe           |    67 |    95 ||   162
  Use: Potion            |     3 |     1 ||     4
  Eat: Chunk             |       |     1 ||     1
Armor: Scale mail        |    17 |    34 ||    51
Dodge: Dodged            |    20 |    29 ||    49
Block: Shield            |    26 |    61 ||    87
